 Dungeon Crawl Stone Soup version 0.32-a0-616-g9348d4545b (webtiles) character file.

Game seed: 18172327276469519586

30 hikkokomori the Vexing (level 3, -2/26 HPs)
             Began as a Coglin Hexslinger on Mar 5, 2024.
             Slain by Natasha (5 damage)
             ... on level 2 of the Dungeon.
             The game lasted 00:01:13 (617 turns).

hikkokomori the Vexing (Coglin Hexslinger)           Turns: 617, Time: 00:01:13

Health: -2/26      AC:  2    Str:  8    XL:     3   Next: 20%
Magic:  4/4        EV: 12    Int: 12    God:
Gold:   58         SH:  0    Dex: 18    Spells: 4/4 levels left

rFire   . . .        a - +2 sling {Rabi}
rCold   . . .        d - -2 sling {Balvinder}
rNeg    . . .        c - +0 robe
rPois   .            (no helmet)
rElec   .            (no cloak)
rCorr   .            (no gloves)
SInv    .            (no boots)
Will    .....        (amulet unavailable)
Stlth   ++           (ring unavailable)
HPRegen 0.24/turn    (ring unavailable)
MPRegen 0.09/turn    (no gizmo)

%: no passive effects
@: brilliant, revved
A: off-hand wielding, slow wielding, warmup strikes, no jewellery
a: Invent Gizmo


You were on level 2 of the Dungeon.
You visited 1 branch of the dungeon, and saw 2 of its levels.

You collected 58 gold pieces.

Inventory:

Hand Weapons
 a - a +2 sling (weapon) {Rabi}
 d - a -2 sling (offhand) {Balvinder}
 g - a +0 dagger of venom
Armour
 c - a +0 robe (worn)
Scrolls
 b - 2 scrolls of poison
 h - a scroll of vulnerability {unknown}
Potions
 e - a potion of attraction {unknown}
 i - a potion of haste {unknown}
 k - a potion of ambrosia {unknown}


   Skills:
 + Level 1.5 Fighting
 + Level 2.1 Ranged Weapons
 - Level 2.0 Dodging
 - Level 1.0 Spellcasting
 + Level 3.0 Hexes
 + Level 1.4 Fire Magic


You had 4 spell levels left.
You didn't know any spells.
Your spell library contained the following spells:

 Spells                   Type           Power      Damage    Failure   Level
 Jinxbite                 Hex            22%        N/A       13%         2
 Sigil of Binding         Hex            11%        N/A       26%         3
 Shock                    Conj/Air       0%         1d3       30%         1
 Inner Flame              Hex/Fire       9%         N/A       34%         3
 Swiftness                Air            0%         N/A       65%         3
 Cause Fear               Hex            5%         N/A       65%         4
 Dimensional Bullseye     Hex/Tloc       3%         N/A       85%         4
 Airstrike                Air            0%         2d(0-16)  96%         4
 Vhi's Electric Charge    Tloc/Air       0%         N/A       96%         4
 Arcjolt                  Conj/Air       0%         1d10      100%        5
 Maxwell's Capacitive Co  Air            0%         ∞         100%        8


Dungeon Overview and Level Annotations

Branches:
Dungeon (2/15)

Altars:

Annotations:
D:2 Natasha


Innate Abilities, Weirdness & Mutations

You can wield a second weapon in your off-hand.
It takes a long time for you to wield or remove held weapons.
Your first few attacks do less damage.
You cannot equip rings or amulets.


Message History

Your Hexes skill increases to level 3!
You have reached level 3!
Your experience leads to an increase in your attributes!
Increase (S)trength, (I)ntelligence, or (D)exterity?
You feel agile. x2
Your brain swirls with designs for a N-80 neoramjet.
You just need some more time...
You shoot a sling bullet. The sling bullet barely misses Natasha.
You shoot a sling bullet. The sling bullet hits Natasha.
Natasha is lightly wounded.
You feel sick. Natasha casts a spell at you.
You resist with significant effort.
You shoot a sling bullet.
The sling bullet closely misses Natasha.
You shoot a sling bullet.
The sling bullet closely misses Natasha.
You feel sick.
You are no longer poisoned.
Natasha claws you.
You shoot a sling bullet. The sling bullet barely misses Natasha.
You shoot a sling bullet.
The sling bullet closely misses Natasha.
Natasha claws you!
* * * LOW HITPOINT WARNING * * *
Natasha closely misses you. The endoplasm hits you.
* * * LOW HITPOINT WARNING * * *
Unknown command.
You shoot a sling bullet. The sling bullet barely misses Natasha.
You shoot a sling bullet.
The sling bullet closely misses Natasha.
Natasha claws you.
* * * LOW HITPOINT WARNING * * *
The endoplasm misses you.
Unknown command.
You see here a ring of protection from fire.
It was a potion of brilliance.
You feel clever all of a sudden. Natasha claws you.
You die...
Natasha begins licking her fur clean.

###############
..............#
~~~~~~≈~≈~~~≈~≈
J≈~~~≈~~≈~~~~~~
..J...........# ### ####
#### ####'#######
ß.###ß.###ß.###ß@#†.......
.......†.........hJ.......
.#########################
...# ...# ...# #.## .# .#


You could see Natasha and an endoplasm.

Vanquished Creatures
  An adder (D:2)
  A ball python (D:1)
  4 bats
  A giant cockroach (D:1)
  4 goblins (D:1)
  3 quokkas
  2 frilled lizards (D:1)
  2 kobolds (D:1)
  2 rats
20 creatures vanquished.

Notes
Turn   | Place    | Note
-------+----------+-------------------------------------------
     0 | D:1      | hikkokomori the Coglin Hexslinger began the quest for the
                  | Orb.
     0 | D:1      | Reached XP level 1. HP: 15/15 MP: 2/2
    36 | D:1      | Reached skill level 1 in Fire Magic
   176 | D:1      | Reached XP level 2. HP: 21/21 MP: 3/3
   596 | D:2      | Noticed Natasha
   612 | D:2      | Reached skill level 3 in Hexes
   612 | D:2      | Reached XP level 3. HP: 19/26 MP: 4/4
   617 | D:2      | Slain by Natasha

Illustrated notes

Levels and vault maps discovered:
D:1:      minmay_arrival_semitransparent, layout_rooms,
          chequers_serial_rivers_small_b, minivault_23,
          minmay_misc_feat_diagonals, minmay_misc_feat_rows,
          chequers_serial_rivers_room_b, chequers_serial_rivers_small_3,
          minmay_misc_feat_x
D:2:      wad_river_or_something, layout_loops_corners,
          dreamdust_ecumenical_altar_hidden_monk_grotto,
          dreamdust_mushroom_princess, uniq_natasha

Skill      XL: |  1  2 |
---------------+-------+-----
Fire Magic     | 1 |  1.4
Ranged Weapons | 2 |  2.1
Dodging        | 2 |  2.0
Hexes          | 3 |  3.0
Fighting       | |  1.5
Spellcasting   | |  1.0

Action                     || total
---------------------------++-------
   Fire: Sling             ||    90
    Use: Scroll            ||     3
         Potion            ||     1
 Armour: Robe              ||    10
  Dodge: Dodged            ||     8

Table legend: (Time is in decaauts)
 A = Elapsed time spent in this place.
 B = Non-inter-level travel time spent in this place.
 C = Inter-level travel time spent in this place.
 D = Time resting spent in this place.
 E = Time spent auto-exploring this place.
 F = Levels seen in this place.
 G = Mean time per level.
                   A        B        C        D        E       F      G
               +--------+--------+--------+--------+--------+-----+--------+
         Total |    632 |    619 |     13 |      0 |    508 |   2 |  316.0 |
       Dungeon |    632 |    619 |     13 |      0 |    508 |   2 |  316.0 |
               +--------+--------+--------+--------+--------+-----+--------+

Top non-repeatable levels by time:
     D:1: 547 daAuts
     D:2: 85 daAuts
